[Event "Titled Tuesday Blitz May 9 Early 2023"]
[White "Antal, Gergely"]
[Black "Donchenko, Alexander"]
[WhiteFideId "717312"]
[BlackFideId "24603295"]
[WhiteElo "2471"]
[BlackElo "2554"]
[Result "0-1"]
[Round "05"]
[TimeControl "180+2"]
[Date "2023.05.09"]
[WhiteClock "0:00:02"]
[BlackClock "0:00:31"]

1. e4 c6 2. Nf3 d5 3. d3 g6 4. e5 f6 5. d4 fxe5 6. Nxe5 Bg7 7. Bd3 Nd7 8. Nf3 Ngf6 9. O-O O-O 10. c4 Kh8 11. Nc3 dxc4 12. Bxc4 Nb6 13. Bd3 Bg4 14. Be2 Qd6 15. h3 Bxf3 16. Bxf3 Rad8 17. Be3 Nc4 18. Qb3 Nxe3 19. fxe3 Qc7 20. Na4 e5 21. Nc5 exd4 22. Ne6 Qe7 23. Nxf8 Qxf8 24. exd4 Qe7 25. Rad1 Qc7 26. Rfe1 h5 27. Kh1 g5 28. Qe6 Qg3 29. Qe5 Qh4 30. Qf5 g4 31. Be4 Re8 32. Re2 gxh3 33. Qxh3 Rxe4 34. Rxe4 Qxe4 35. Qc8+ Kh7 36. Qxb7 Qh4+ 37. Kg1 Ng4 38. Qxc6 Bxd4+ 39. Rxd4 Qe1# 0-1


[Site "https://www.chess.com"]

[Event "Titled Tuesday Blitz May 9 Early 2023"]
[White "Berezin, Viktor"]
[Black "Ohanyan, Emin"]
[WhiteFideId "14107872"]
[BlackFideId "13312022"]
[WhiteElo "2310"]
[BlackElo "2411"]
[Result "0-1"]
[Round "05"]
[TimeControl "180+2"]
[Date "2023.05.09"]
[WhiteClock "0:00:17"]
[BlackClock "0:00:08"]

1. d4 d5 2. c4 c6 3. Nf3 Nf6 4. e3 e6 5. Nbd2 Nbd7 6. Bd3 Bd6 7. O-O O-O 8. e4 e5 9. cxd5 cxd5 10. exd5 exd4 11. Nb3 Ne5 12. Nbxd4 Nxd3 13. Qxd3 Nxd5 14. Nb5 Be7 15. Nc3 Be6 16. Nxd5 Qxd5 17. Qxd5 Bxd5 18. Bf4 Rac8 19. Rac1 Bxa2 20. Rxc8 Rxc8 21. Ra1 Bc4 22. Rxa7 Ba6 23. Be3 f6 24. g4 Kf7 25. Kg2 Ke6 26. Nd4+ Kd5 27. Nf5 Bf8 28. h4 g6 29. Ng3 Re8 30. h5 Bc5 31. Bxc5 Kxc5 32. Ne4+ Rxe4 33. Ra8 Rxg4+ 34. Kf3 gxh5 35. Rf8 Rg6 36. Rf7 Rh6 37. Kg3 h4+ 38. Kh3 Kb4 0-1


[Site "https://www.chess.com"]

[Event "Titled Tuesday Blitz May 9 Early 2023"]
[White "Piesik, Piotr"]
[Black "Sieciechowicz, Marcin"]
[WhiteFideId "1136194"]
[BlackFideId "1130170"]
[WhiteElo "2299"]
[BlackElo "2302"]
[Result "1/2-1/2"]
[Round "05"]
[TimeControl "180+2"]
[Date "2023.05.09"]
[WhiteClock "0:00:15"]
[BlackClock "0:00:14"]

1. Nf3 Nf6 2. g3 g6 3. Bg2 Bg7 4. O-O O-O 5. d4 d5 6. c4 dxc4 7. Na3 c3 8. bxc3 c5 9. Rb1 Nc6 10. Qa4 Nd5 11. Bb2 Nb6 12. Qd1 Bf5 13. Rc1 Be4 14. e3 c4 15. Nd2 Bd3 16. Re1 e5 17. Ne4 Qe7 18. Nc5 e4 19. Nxd3 cxd3 20. c4 f5 21. Rb1 Rac8 22. c5 Nd5 23. Qb3 Qf7 24. Nc4 Ndb4 25. Bc3 Nc2 26. Red1 Rc7 27. Nd6 Qxb3 28. Rxb3 b6 29. cxb6 axb6 30. Rxb6 Ne7 31. Nb5 Rcc8 32. Bd2 Rb8 33. Rxb8 Rxb8 34. a4 Ra8 35. a5 Nc6 36. f3 N6xd4 37. exd4 Nxd4 38. Nxd4 Bxd4+ 39. Kf1 e3 40. Bxe3 Bxe3 41. Rxd3 Bc5 42. f4 Rxa5 43. Rd8+ Kg7 44. Rd7+ Kh6 45. Bd5 Ra7 46. Rxa7 Bxa7 47. Kg2 Kg7 48. Kh3 Kf6 49. Kg2 h6 50. Kf3 g5 51. h3 Bb8 52. Ke3 Ba7+ 53. Kf3 Bb6 54. Bc4 Ba5 55. Bb3 Bd2 56. Bc4 Be1 57. Bb3 Kg6 58. Ba4 Kf6 59. Bb3 h5 60. fxg5+ Kxg5 61. h4+ Kg6 62. Bc2 Ba5 63. Bd3 Bc7 64. Bc2 Kf6 65. Bd3 Kg6 66. Bc2 Kf6 67. Bd3 Kg6 1/2-1/2


[Site "https://www.chess.com"]

[Event "Titled Tuesday Blitz May 9 Early 2023"]
[White "Kleiman, Jake"]
[Black "Visakh N R"]
[WhiteFideId "2020041"]
[BlackFideId "25012223"]
[WhiteElo "2597"]
[BlackElo "2466"]
[Result "0-1"]
[Round "05"]
[TimeControl "180+2"]
[Date "2023.05.09"]
[WhiteClock "0:00:02"]
[BlackClock "0:01:26"]

1. e4 c5 2. c3 Nf6 3. e5 Nd5 4. Bc4 e6 5. Nf3 d6 6. d4 cxd4 7. cxd4 Nb6 8. Bd3 dxe5 9. dxe5 Bb4+ 10. Nc3 Nd5 11. O-O Nxc3 12. bxc3 Be7 13. Qe2 Nd7 14. Rd1 Qc7 15. Qe4 Nc5 16. Bb5+ Bd7 17. Bxd7+ Qxd7 18. Rxd7 Nxe4 19. Rxb7 Nxc3 20. Be3 a5 21. Rc1 Ne2+ 22. Kf1 Nxc1 23. Bxc1 Rc8 24. Bd2 Bb4 25. Bxb4 axb4 26. Rxb4 Rc1+ 27. Ke2 O-O 28. Rb2 Ra8 29. Nd2 Ra1 30. Rb3 R1xa2 31. Rd3 h5 32. h4 R8a5 33. f4 Rd5 34. Rxd5 exd5 35. Ke3 f6 36. exf6 gxf6 37. g3 Kf7 38. Nf1 Ke6 39. Kf3 f5 40. Ke3 Kd6 41. Nd2 d4+ 42. Kd3 Rxd2+ 43. Kxd2 Kc5 44. Kc2 Kc4 45. Kd2 d3 46. g4 fxg4 47. f5 g3 48. f6 g2 49. f7 g1=Q 50. f8=Q Qg2+ 51. Kd1 Qe2+ 0-1


[Site "https://www.chess.com"]

[Event "Titled Tuesday Blitz May 9 Early 2023"]
[White "Domingo Nunez, Ruben"]
[Black "Kravtsiv, Martyn"]
[WhiteFideId "22245570"]
[BlackFideId "14113147"]
[WhiteElo "2404"]
[BlackElo "2695"]
[Result "0-1"]
[Round "05"]
[TimeControl "180+2"]
[Date "2023.05.09"]
[WhiteClock "0:00:10"]
[BlackClock "0:01:15"]

1. b3 Nf6 2. Bb2 g6 3. Nf3 Bg7 4. e3 O-O 5. Be2 b6 6. O-O Bb7 7. c4 d6 8. d4 Nbd7 9. d5 e5 10. Nc3 Ne8 11. b4 f5 12. a3 Qe7 13. Nb5 a6 14. Nc3 Nef6 15. Ng5 h6 16. Ne6 Rfc8 17. Nxg7 Kxg7 18. f4 Rf8 19. Rc1 Rae8 20. Kh1 Kh7 21. Bf3 Bc8 22. Qa4 g5 23. Qc6 Nb8 24. Qa8 Bd7 25. Qb7 Rc8 26. c5 gxf4 27. c6 fxe3 28. cxd7 Nbxd7 29. Ne2 e4 30. Rxc7 Rxc7 31. Qxc7 exf3 32. Rxf3 Nxd5 33. Qc4 Qe6 34. Nd4 Qe4 35. Qc6 Ne5 36. Qxd6 Qb1+ 0-1


[Site "https://www.chess.com"]

[Event "Titled Tuesday Blitz May 9 Early 2023"]
[White "Omranalhosani21"]
[Black "Sokolovsky, Yahli"]
[BlackFideId "2820242"]
[WhiteElo "2596"]
[BlackElo "2389"]
[Result "0-1"]
[Round "05"]
[TimeControl "180+2"]
[Date "2023.05.09"]
[WhiteClock "0:00:00"]
[BlackClock "0:00:17"]

1. e4 d6 2. d4 Nf6 3. Nc3 g6 4. Be3 a6 5. f3 b5 6. Qd2 Bb7 7. O-O-O Nbd7 8. h4 h5 9. Kb1 Rc8 10. Rh3 Bg7 11. Rg3 b4 12. Nce2 c5 13. dxc5 Nxc5 14. Nh3 Bxe4 15. fxe4 Nfxe4 16. Qe1 Na4 17. Qxb4 Nac3+ 18. Nxc3 Nxc3+ 19. Ka1 Nxd1 20. Bd4 e5 21. Bc3 Nxc3 22. Rxc3 O-O 23. Rb3 Rxc2 24. a3 Rc1+ 25. Ka2 Rxf1 26. Ng5 Qf6 27. Qc4 Bh6 28. Ne4 Qf4 29. Qd5 Bg7 30. Nxd6 Qc1 31. Rb7 Qb1+ 32. Kb3 Rd1 33. Qc5 Qd3+ 34. Ka2 Qxd6 0-1


[Site "https://www.chess.com"]

[Event "Titled Tuesday Blitz May 9 Early 2023"]
[White "Kaasen, Tor Fredrik"]
[Black "Sharapov, Evgeny"]
[WhiteFideId "1516647"]
[BlackFideId "14103133"]
[WhiteElo "2349"]
[BlackElo "2367"]
[Result "0-1"]
[Round "05"]
[TimeControl "180+2"]
[Date "2023.05.09"]
[WhiteClock "0:00:00"]
[BlackClock "0:00:09"]

1. e4 c5 2. Nf3 d6 3. d4 cxd4 4. Nxd4 Nf6 5. Nc3 Nc6 6. Bc4 Qb6 7. Nb3 e6 8. Bf4 Ne5 9. Be2 Be7 10. Qd2 O-O 11. O-O-O a6 12. g4 Qc7 13. g5 Nfd7 14. h4 b5 15. h5 b4 16. Na4 Bb7 17. Qxb4 Rfc8 18. Nc3 a5 19. Qa4 Nb6 20. Qd4 a4 21. Na1 a3 22. Nb5 axb2+ 23. Qxb2 Qb8 24. Nxd6 Bxd6 25. Rxd6 Qxd6 26. Bxe5 Qa3 27. g6 Qxb2+ 28. Bxb2 Bxe4 29. gxf7+ Kxf7 30. Rg1 g6 31. hxg6+ Bxg6 32. Rg3 Rxa2 33. Rf3+ Kg8 34. Rb3 Nd5 35. Rb7 Rxa1+ 36. Bxa1 Rxc2+ 37. Kd1 Nc3+ 38. Bxc3 Rxc3 39. Kd2 Rc5 40. Re7 Bf5 41. Ra7 Rd5+ 42. Ke3 Re5+ 43. Kd2 Kf8 44. Bc4 h5 45. Ra1 h4 46. Rh1 Re4 47. Bf1 Ra4 48. f3 Ra2+ 49. Ke3 Ra3+ 50. Kf4 Ra4+ 51. Kg5 Ra3 52. Rxh4 Rxf3 53. Be2 Rf2 54. Bh5 Ke7 55. Rb4 Kd6 56. Bf7 Rg2+ 57. Kf4 Rg4+ 58. Kf3 Rxb4 0-1


[Site "https://www.chess.com"]

[Event "Titled Tuesday Blitz May 9 Early 2023"]
[White "Al-Tarboush, Ward"]
[Black "Csonka, Balazs"]
[WhiteFideId "7601450"]
[BlackFideId "742910"]
[WhiteElo "2265"]
[BlackElo "2404"]
[Result "0-1"]
[Round "05"]
[TimeControl "180+2"]
[Date "2023.05.09"]
[WhiteClock "0:00:08"]
[BlackClock "0:00:08"]

1. d4 d6 2. e4 Nf6 3. Nc3 c6 4. f4 Qa5 5. Bd3 e5 6. fxe5 dxe5 7. dxe5 Ng4 8. Nf3 Nxe5 9. Nxe5 Qxe5 10. O-O Bd6 11. Bf4 Qc5+ 12. Kh1 Bxf4 13. Rxf4 O-O 14. Qf3 Be6 15. Rf1 Nd7 16. Qg3 Rad8 17. e5 Qxe5 18. Ne4 h6 19. h3 Kh8 20. Kh2 f5 21. Nd2 g5 22. Ra4 Qxg3+ 23. Kxg3 a6 24. Nf3 Nc5 25. Ra3 Nxd3 26. cxd3 Kg7 27. Ne5 Rd5 28. Re1 Kf6 29. Nc4 Rfd8 30. Rd1 Rd4 31. Na5 R8d7 32. Rc3 f4+ 33. Kh2 Bf5 34. Nb3 Rxd3 35. Rcxd3 Rxd3 36. Rxd3 Bxd3 37. Nc5 Bb1 38. Nxb7 Bxa2 39. Na5 Bd5 40. Nb7 Ke5 41. Nc5 a5 42. Nb7 a4 43. Nc5 Bb3 44. h4 Kd4 45. Nd7 c5 46. h5 c4 47. Nf6 c3 48. bxc3+ Kxc3 49. Ne4+ Kb2 50. Nc5 a3 51. Nd3+ Kc3 0-1


[Site "https://www.chess.com"]

[Event "Titled Tuesday Blitz May 9 Early 2023"]
[White "Djordjevic, Vuk"]
[Black "Lorenzo De La Riva, Lazaro"]
[WhiteFideId "902098"]
[BlackFideId "2268809"]
[WhiteElo "2452"]
[BlackElo "2294"]
[Result "1-0"]
[Round "05"]
[TimeControl "180+2"]
[Date "2023.05.09"]
[WhiteClock "0:00:14"]
[BlackClock "0:00:13"]

1. d4 d5 2. Bf4 Nf6 3. e3 c5 4. c3 e6 5. Nd2 Bd6 6. Bg3 O-O 7. Ngf3 Qc7 8. dxc5 Qxc5 9. Bd3 b6 10. Qe2 Bb7 11. O-O Bxg3 12. hxg3 Nbd7 13. Rfd1 Rfd8 14. e4 dxe4 15. Nxe4 Nxe4 16. Bxe4 Bxe4 17. Qxe4 Nf6 18. Qe2 h6 19. Nd4 Rd5 20. Nb3 Qc6 21. Rxd5 Nxd5 22. Rd1 Qa4 23. Qc2 Rc8 24. a3 a5 25. Rd4 Qc6 26. a4 e5 27. Rd1 Nf6 28. Qf5 Re8 29. Ra1 g6 30. Qd3 Kg7 31. Qb5 Qd6 32. Re1 h5 33. Qe2 Re6 34. Nd2 Qc6 35. Qc4 Qd7 36. Nf3 Ng4 37. Nh2 Qd2 38. Qe2 Qxe2 39. Rxe2 f5 40. Nf1 e4 41. Rd2 Kf6 42. f3 e3 43. Re2 Nf2 44. Nxe3 Nd3 45. Kf1 Kf7 46. Nd5 Rxe2 47. Kxe2 Nxb2 48. Nxb6 Ke6 49. Kd2 g5 50. Kc2 f4 51. gxf4 gxf4 52. Kxb2 Kf5 53. c4 Kg5 54. c5 Kh4 55. c6 Kg3 56. c7 Kxg2 57. c8=Q h4 58. Qg4+ Kf1 59. Qxf4 Kg1 60. Qxh4 Kg2 61. f4 Kg1 62. f5 Kg2 63. Qf4 Kg1 64. f6 Kg2 65. f7 Kg1 66. f8=Q Kh1 67. Qg4 Kh2 68. Qh8# 1-0


[Site "https://www.chess.com"]

[Event "Titled Tuesday Blitz May 9 Early 2023"]
[White "Spitzl, Vinzent"]
[Black "Fernandez Guillen, Ernesto J."]
[WhiteFideId "12901253"]
[BlackFideId "3512428"]
[WhiteElo "2225"]
[BlackElo "2429"]
[Result "0-1"]
[Round "05"]
[TimeControl "180+2"]
[Date "2023.05.09"]
[WhiteClock "0:00:02"]
[BlackClock "0:00:56"]

1. e4 e5 2. Nf3 Nc6 3. Bb5 f5 4. Nc3 Nf6 5. Qe2 Qe7 6. O-O fxe4 7. Nxe4 d5 8. Nxf6+ gxf6 9. d4 e4 10. Nh4 f5 11. Qh5+ Qf7 12. Bxc6+ bxc6 13. Qxf7+ Kxf7 14. g3 Bg7 15. Be3 c5 16. c3 Rb8 17. b3 Be6 18. Rfc1 Rhc8 19. Ng2 cxd4 20. cxd4 c5 21. dxc5 d4 22. Bf4 Rb5 23. Bd6 Ke8 24. Nf4 Bf7 25. Rab1 Kd7 26. Kf1 a5 27. Ke2 Kc6 28. h3 h5 29. h4 Re8 30. Rd1 Rb4 31. Nh3 Ra8 32. Nf4 a4 33. bxa4 Raxa4 34. Kf1 d3 35. Rxb4 Rxb4 36. a3 Rb3 37. Ng2 Rxa3 38. Ne3 Be6 39. Rb1 Ra1 40. Rxa1 Bxa1 41. Ke1 Bc3+ 42. Kd1 Bb3+ 43. Kc1 d2+ 44. Kb1 d1=Q+ 45. Nxd1 Bxd1 46. Kc1 Bb3 47. Bf4 Kxc5 48. Be3+ Kc4 0-1


[Site "https://www.chess.com"]

[Event "Titled Tuesday Blitz May 9 Early 2023"]
[White "Wagner, Dennis"]
[Black "Richter, Paul"]
[WhiteFideId "24650684"]
[BlackFideId "2046350"]
[WhiteElo "2478"]
[BlackElo "2556"]
[Result "1-0"]
[Round "05"]
[TimeControl "180+2"]
[Date "2023.05.09"]
[WhiteClock "0:00:12"]
[BlackClock "0:00:00"]

1. d4 Nf6 2. Nf3 g6 3. c4 Bg7 4. Nc3 O-O 5. e4 d6 6. Be2 Na6 7. O-O e5 8. Be3 Ng4 9. Bg5 f6 10. Bh4 h5 11. h3 Nh6 12. Qc2 c6 13. Rad1 Qe7 14. c5 exd4 15. cxd6 Qxd6 16. Rxd4 Qe7 17. Bxa6 bxa6 18. Rfd1 g5 19. Bg3 Nf7 20. Rc4 g4 21. Nh4 Ne5 22. Bxe5 fxe5 23. Ng6 Qf7 24. Rxc6 Re8 25. hxg4 Bxg4 26. Rdd6 Rac8 27. Nd5 Rxc6 28. Qxc6 Re6 29. Qxa6 Kh7 30. Rxe6 Bxe6 31. Nge7 h4 32. Qd3 Bf8 33. Nf5 Kg8 34. Qh3 Bxd5 35. Qg4+ Bg7 36. Nh6+ 1-0


[Site "https://www.chess.com"]

[Event "Titled Tuesday Blitz May 9 Early 2023"]
[White "egorchess95"]
[Black "Rozman, Levy"]
[BlackFideId "2039877"]
[WhiteElo "2546"]
[BlackElo "2376"]
[Result "0-1"]
[Round "05"]
[TimeControl "180+2"]
[Date "2023.05.09"]
[WhiteClock "0:00:07"]
[BlackClock "0:00:38"]

1. e4 c6 2. d4 d5 3. e5 c5 4. dxc5 e6 5. a3 Bxc5 6. b4 Be7 7. Bb2 a5 8. b5 Nd7 9. c4 Nb6 10. Nd2 Nh6 11. Ngf3 O-O 12. Rc1 dxc4 13. Nxc4 Nd5 14. Nd4 Bd7 15. Be2 Rc8 16. O-O Bc5 17. Bf3 Bxd4 18. Qxd4 Bxb5 19. Nd6 Rxc1 20. Rxc1 Bc6 21. Qa7 Nf5 22. Nxf5 exf5 23. Rd1 Qb6 24. Bd4 Qxa7 25. Bxa7 Nc3 26. Rd3 Ne4 27. Bb6 a4 28. Bd1 Re8 29. Bc7 Nc5 30. Rd4 Ne6 31. Rc4 Nxc7 32. Bxa4 Bxa4 33. Rxa4 Rxe5 34. f4 Rc5 35. Ra7 b5 36. Rb7 h5 37. Kf2 h4 38. Ke3 Ne6 39. g3 Rc3+ 40. Kf2 h3 41. Rxb5 Rc2+ 42. Kg1 Nd4 43. Rb8+ Kh7 44. Kh1 Nf3 0-1


[Site "https://www.chess.com"]

[Event "Titled Tuesday Blitz May 9 Early 2023"]
[White "Kvaloy, Aksel Bu"]
[Black "Mortazavi, Ali"]
[WhiteFideId "1528815"]
[BlackFideId "401323"]
[WhiteElo "2242"]
[BlackElo "2339"]
[Result "1-0"]
[Round "05"]
[TimeControl "180+2"]
[Date "2023.05.09"]
[WhiteClock "0:00:24"]
[BlackClock "0:00:00"]

1. e4 c6 2. d4 d5 3. exd5 cxd5 4. Bd3 Nc6 5. c3 Qc7 6. h3 g6 7. Nf3 Bf5 8. O-O Nf6 9. Ne1 e6 10. Bg5 Ne4 11. Bxe4 Bxe4 12. Nd2 Be7 13. Bxe7 Nxe7 14. Qe2 Bf5 15. g4 O-O-O 16. Qe5 Qb6 17. gxf5 gxf5 18. Nd3 Rhg8+ 19. Kh1 Ng6 20. Qe3 Kb8 21. Rg1 a6 22. a4 Ka7 23. a5 Qc7 24. f4 Qe7 25. Ne5 Nxe5 26. fxe5 Qh4 27. Rxg8 Rxg8 28. Rg1 Rg4 29. Kh2 h5 30. Nf3 Qd8 31. hxg4 hxg4 32. Ng5 Qxa5 33. Nxf7 Qb5 34. Rg2 Qf1 35. Qf2 Qc1 36. Qd2 Qf1 37. Ng5 Qa1 38. Nxe6 Qf1 39. Nf4 Qf3 40. Qf2 Qe4 41. Rg3 Qb1 42. e6 Qe4 43. Re3 Qb1 44. e7 1-0


[Site "https://www.chess.com"]

[Event "Titled Tuesday Blitz May 9 Early 2023"]
[White "HamedWafa4"]
[Black "Concio, Michael Jr."]
[BlackFideId "5217873"]
[WhiteElo "2534"]
[BlackElo "2263"]
[Result "1-0"]
[Round "05"]
[TimeControl "180+2"]
[Date "2023.05.09"]
[WhiteClock "0:00:05"]
[BlackClock "0:00:01"]

1. e4 e5 2. Nf3 Nc6 3. Bb5 a6 4. Ba4 Nf6 5. O-O Nxe4 6. d4 b5 7. Bb3 d5 8. dxe5 Be6 9. Be3 Nc5 10. c3 Nxb3 11. axb3 Be7 12. Nbd2 O-O 13. b4 a5 14. bxa5 Nxa5 15. b4 Nc4 16. Nxc4 bxc4 17. Nd4 Qd7 18. Qc2 h6 19. f4 f5 20. Qb2 g6 21. Rxa8 Rxa8 22. Ra1 Rxa1+ 23. Qxa1 Kf7 24. Qa6 Qc8 25. b5 Bc5 26. Qxc8 Bxc8 27. Nxf5 Bxf5 28. Bxc5 Bd7 29. b6 cxb6 30. Bxb6 Bf5 31. Kf2 Ke6 32. h3 h5 33. Kg3 Be4 34. Kf2 Kf5 35. g3 Ke6 36. g4 hxg4 37. hxg4 Bd3 38. Bd4 Bc2 39. Kg3 Bd3 40. Kh4 Bc2 41. Kg5 Bd3 42. Kh6 Kf7 43. Kg5 Ke6 44. Be3 Bc2 45. Kh6 Kf7 46. f5 gxf5 47. g5 d4 48. cxd4 c3 49. Bf4 Bb3 50. Kh7 c2 51. g6+ Ke7 52. g7 Bg8+ 1-0


[Site "https://www.chess.com"]

[Event "Titled Tuesday Blitz May 9 Early 2023"]
[White "Shuvalov, Evgenij"]
[Black "Hasangatin, Ramil"]
[WhiteFideId "4187237"]
[BlackFideId "4122160"]
[WhiteElo "2080"]
[BlackElo "2279"]
[Result "0-1"]
[Round "05"]
[TimeControl "180+2"]
[Date "2023.05.09"]
[WhiteClock "0:00:12"]
[BlackClock "0:00:25"]

1. d4 d6 2. Nf3 Bg4 3. c4 Bxf3 4. exf3 c6 5. Nc3 g6 6. Be2 Bg7 7. O-O Nf6 8. Be3 d5 9. Qb3 Qb6 10. cxd5 Qxb3 11. axb3 Nxd5 12. Nxd5 cxd5 13. Rfc1 Nc6 14. Bb5 Kd7 15. Bxc6+ bxc6 16. Ra6 Rhc8 17. Rca1 Rc7 18. Kf1 Rb7 19. Ke2 Rxb3 20. Rxa7+ Rxa7 21. Rxa7+ Kd6 22. Ra2 e5 23. dxe5+ Bxe5 24. Ra7 Rxb2+ 25. Kd1 d4 26. Bd2 f5 27. f4 Bf6 28. Kc1 Rb5 29. Rxh7 c5 30. Rh6 c4 31. Rxg6 Ke6 32. f3 Kf7 33. Rh6 Kg7 34. Rh5 c3 35. Bxc3 dxc3 36. g4 Kg6 37. h4 Rd5 38. Kc2 Rd2+ 39. Kc1 Be7 40. Rxf5 Ba3+ 41. Kb1 c2+ 42. Ka2 c1=Q+ 43. Kb3 Qc2+ 44. Kxa3 Rd3+ 45. Kb4 Rb3+ 46. Ka4 Qa2# 0-1


[Site "https://www.chess.com"]

[Event "Titled Tuesday Blitz May 9 Early 2023"]
[White "Nguyen Hong Nhung"]
[Black "Orozbaev, Eldiar"]
[WhiteFideId "12412201"]
[BlackFideId "13802240"]
[WhiteElo "1996"]
[BlackElo "2201"]
[Result "0-1"]
[Round "05"]
[TimeControl "180+2"]
[Date "2023.05.09"]
[WhiteClock "0:00:12"]
[BlackClock "0:00:46"]

1. e4 e6 2. d4 d5 3. Nc3 Nf6 4. Bg5 Be7 5. e5 Nfd7 6. h4 h6 7. Bxe7 Qxe7 8. Qg4 O-O 9. f4 c5 10. Nf3 Nc6 11. O-O-O a6 12. Ne2 cxd4 13. Nexd4 Nxd4 14. Nxd4 Nc5 15. Qf3 Bd7 16. g4 Rac8 17. g5 f6 18. gxf6 gxf6 19. Rg1+ Kh7 20. Bd3+ f5 21. h5 Rg8 22. a3 Qh4 23. Rh1 Qg3 24. Qf1 Rg4 25. Ne2 Nxd3+ 26. Kb1 Qf2 27. cxd3 Qxf1 28. Rhxf1 Be8 29. Rc1 Rxc1+ 30. Rxc1 Bxh5 31. Nd4 Bf7 32. Rc7 Kg6 33. Rxb7 Rxf4 34. Nc6 h5 35. Nd8 Bg8 36. Re7 h4 37. Nxe6 Bxe6 38. Rxe6+ Kg5 39. Re8 h3 40. Rg8+ Kh4 41. e6 Rf1+ 42. Kc2 Re1 43. Rg6 h2 44. Rh6+ Kg3 45. Kd2 h1=Q 46. Rxh1 Rxh1 47. e7 Rh8 48. Ke3 Re8 49. Kd4 f4 50. Kxd5 Rxe7 51. Kd6 Re1 52. d4 f3 53. d5 f2 0-1


[Site "https://www.chess.com"]

[Event "Titled Tuesday Blitz May 9 Early 2023"]
[White "Rakotomaharo, Fy Antenaina"]
[Black "Bethke, Richard"]
[WhiteFideId "13100050"]
[BlackFideId "12959243"]
[WhiteElo "2427"]
[BlackElo "2369"]
[Result "1-0"]
[Round "05"]
[TimeControl "180+2"]
[Date "2023.05.09"]
[WhiteClock "0:01:05"]
[BlackClock "0:00:01"]

1. Nf3 d5 2. e3 Nf6 3. c4 e6 4. Nc3 Be7 5. b3 O-O 6. Bb2 c5 7. cxd5 Nxd5 8. Qb1 Nxc3 9. Bxc3 Bf6 10. Bd3 Bxc3 11. dxc3 h6 12. Qc2 Nc6 13. O-O-O Qe7 14. g4 e5 15. Rhg1 Be6 16. Be4 Rac8 17. Kb1 a5 18. g5 h5 19. g6 f6 20. Bd5 Bxd5 21. Rxd5 Qe6 22. Rgd1 Nd4 23. Qe4 Nf5 24. Nh4 Ne7 25. Rd7 c4 26. Qf3 Nxg6 27. Nxg6 Rf7 28. Rd8+ 1-0


[Site "https://www.chess.com"]

[Event "Titled Tuesday Blitz May 9 Early 2023"]
[White "feuervogel1000000"]
[Black "Harshavardhan G B"]
[BlackFideId "25059009"]
[WhiteElo "2459"]
[BlackElo "2323"]
[Result "0-1"]
[Round "05"]
[TimeControl "180+2"]
[Date "2023.05.09"]
[WhiteClock "0:00:11"]
[BlackClock "0:01:33"]

1. d4 Nf6 2. c4 g6 3. Nc3 Bg7 4. e4 d6 5. h3 O-O 6. Be3 e5 7. d5 a5 8. Nge2 Na6 9. g4 Nd7 10. Ng3 Ndc5 11. h4 c6 12. h5 a4 13. g5 f5 14. gxf6 Bxf6 15. hxg6 hxg6 16. Bh3 Bg5 17. Bxc8 Bxe3 18. Bf5 Qg5 19. fxe3 Qxg3+ 20. Kd2 Qf2+ 21. Ne2 Rxf5 22. exf5 Ne4+ 23. Kc2 Nb4+ 24. Kb1 Qxe3 25. b3 Nd2+ 26. Kb2 a3+ 27. Kc1 Nxc4+ 28. Kb1 Nd2+ 29. Kc1 Nxb3+ 30. Kb1 Qe4+ 0-1


[Site "https://www.chess.com"]

[Event "Titled Tuesday Blitz May 9 Early 2023"]
[White "Schmakel, Sam"]
[Black "Bayasgalan, Khishigbaatar"]
[WhiteFideId "2039311"]
[BlackFideId "4904311"]
[WhiteElo "2356"]
[BlackElo "2057"]
[Result "1-0"]
[Round "05"]
[TimeControl "180+2"]
[Date "2023.05.09"]
[WhiteClock "0:00:04"]
[BlackClock "0:00:02"]

1. d4 Nf6 2. c4 e6 3. Nf3 d5 4. Nc3 c6 5. g3 Be7 6. Bg2 O-O 7. O-O Nbd7 8. b3 a6 9. Qd3 b5 10. e4 Bb7 11. e5 Ne8 12. cxd5 cxd5 13. h4 b4 14. Ne2 a5 15. Ng5 Bxg5 16. Bxg5 f6 17. exf6 Nexf6 18. Nf4 Ba6 19. Qe3 Bxf1 20. Nxe6 Re8 21. Rxf1 Qb6 22. Re1 Qd6 23. f4 h6 24. Bxf6 Nxf6 25. f5 Re7 26. Qe5 Qd7 27. Rc1 Rc8 28. Rxc8+ Qxc8 29. Bxd5 Nxd5 30. Qxd5 Qd7 31. Qe5 Rf7 32. d5 Rf6 33. g4 Qc8 34. d6 Qc1+ 35. Kf2 Qc2+ 36. Kf3 Qd3+ 37. Kf4 Qd2+ 38. Ke4 Qe2+ 39. Kd5 Qb5+ 40. Kd4 Qb6+ 41. Qc5 Qa6 42. d7 Rf8 43. Qxf8+ Kh7 44. Qxg7# 1-0


[Site "https://www.chess.com"]

[Event "Titled Tuesday Blitz May 9 Early 2023"]
[White "Zhu, Jiner"]
[Black "Fernandez Garcia, Gumersindo"]
[WhiteFideId "8608059"]
[BlackFideId "24516740"]
[WhiteElo "2384"]
[BlackElo "2093"]
[Result "1-0"]
[Round "05"]
[TimeControl "180+2"]
[Date "2023.05.09"]
[WhiteClock "0:00:08"]
[BlackClock "0:00:06"]

1. c4 e5 2. Nc3 Nf6 3. Nf3 e4 4. Ng5 b5 5. Ngxe4 Nxe4 6. Nxe4 bxc4 7. d4 cxd3 8. exd3 d5 9. Nc3 Be7 10. Be2 O-O 11. d4 c6 12. O-O Bf5 13. Bf4 Nd7 14. Rc1 Bf6 15. Na4 Rc8 16. Ba6 Nb6 17. Bxc8 Qxc8 18. Re1 Qa6 19. Nxb6 Qxb6 20. Be5 Bg5 21. Rc3 Qxb2 22. Rxc6 Qxa2 23. h4 Bxh4 24. g3 Bg5 25. Bd6 Rd8 26. Qh5 h6 27. Qe2 Qxe2 28. Rxe2 Bd3 29. Rb2 a6 30. Bc5 Bb5 31. Rc7 Bc1 32. Rb1 Bg5 33. Be7 Bxe7 34. Rxe7 Rc8 35. Re5 Bc4 36. Rb7 g6 37. Ree7 Rf8 38. Ra7 Kg7 39. Kg2 Kf6 40. Kf3 h5 41. Kf4 g5+ 42. Kf3 Kg6 43. Rec7 f6 44. Rg7+ Kf5 45. Rh7 Re8 46. Rae7 Rxe7 47. Rxe7 Kg6 48. Ra7 Kf5 49. Rh7 Kg6 50. Rh8 Bd3 51. Rd8 Bc4 52. Ke3 Kf5 53. Rh8 Kg6 54. Kd2 f5 55. Ke3 Bb5 56. Rb8 Bc4 57. Rb6+ Kg7 58. f4 g4 59. Kd2 Bb5 60. Rd6 Bc4 61. Ke3 Bb3 62. Rxa6 Bc4 63. Rd6 Bb3 64. Rb6 Bc4 65. Kd2 Bf1 66. Ke1 Bg2 67. Kf2 Be4 68. Ke3 Kh7 69. Rd6 Kg7 70. Ra6 Kh7 71. Kd2 Kg7 72. Kc3 Kh7 73. Kb4 h4 74. gxh4 g3 75. h5 g2 76. Rg6 Bf3 77. Rg3 Bxh5 78. Rxg2 Bf3 79. Rg5 Be4 80. Kc5 Kh6 81. Kd6 Kh7 82. Ke5 Kh6 83. Rxf5 1-0


[Site "https://www.chess.com"]

[Event "Titled Tuesday Blitz May 9 Early 2023"]
[White "Kohler, Aran"]
[Black "Leiva, Gianmarco"]
[WhiteFideId "1002856"]
[BlackFideId "3804399"]
[WhiteElo "2360"]
[BlackElo "2365"]
[Result "1-0"]
[Round "05"]
[TimeControl "180+2"]
[Date "2023.05.09"]
[WhiteClock "0:02:27"]
[BlackClock "0:01:33"]

1. d4 Nf6 2. c3 g6 3. Bg5 Bg7 4. Nd2 O-O 5. e3 d6 6. Ngf3 Qe8 7. h4 e5 8. dxe5 dxe5 9. Bxf6 Bxf6 10. h5 e4 11. Nd4 b6 12. hxg6 hxg6 13. Bc4 Bb7 14. Qg4 Kg7 15. Nf5+ Kg8 16. Qxg6+ 1-0


[Site "https://www.chess.com"]

[Event "Titled Tuesday Blitz May 9 Early 2023"]
[White "Lavrik, Dmitry"]
[Black "Orzech, Dominik"]
[WhiteFideId "24113190"]
[BlackFideId "1115065"]
[WhiteElo "2345"]
[BlackElo "2260"]
[Result "1-0"]
[Round "05"]
[TimeControl "180+2"]
[Date "2023.05.09"]
[WhiteClock "0:01:26"]
[BlackClock "0:00:03"]

1. c4 Nf6 2. Nf3 g6 3. Nc3 Bg7 4. e4 d6 5. d4 O-O 6. Be2 e5 7. O-O Nc6 8. d5 Ne7 9. Ne1 Ne8 10. Be3 f5 11. f3 f4 12. Bf2 g5 13. c5 b6 14. b4 Nf6 15. Rc1 Bd7 16. a4 Ng6 17. a5 h5 18. cxd6 cxd6 19. Nb5 Qe7 20. Nc7 Rac8 21. axb6 axb6 22. Bxb6 g4 23. Ne6 Bxe6 24. dxe6 gxf3 25. gxf3 Qxe6 26. Bc7 d5 27. b5 Rxc7 28. Rxc7 Qb6+ 29. Kh1 Qxc7 30. exd5 Rd8 31. Qb1 Ne7 32. b6 Qb7 33. Bc4 Nexd5 34. Nd3 Re8 35. Re1 Nd7 36. Qb5 Nxb6 37. Qxe8+ Kh7 38. Qxh5+ Bh6 39. Nxe5 Ne3 40. Qg6+ Kh8 41. Qg8# 1-0


[Site "https://www.chess.com"]